Map: [ESL] Dragon Scales

Players

DRG

  • Race: Zerg Zerg

SpeCial - Winner!

  • Race: Terran Terran

Event: IEM Katowice 2023

VOD

Have the link to the VOD?

Description

Time

  • Played on: Feb. 10, 2023, 1:18 p.m.
  • Length: 20:30

All games in this series

Show
View Real Time Build Order
Export as new Build Order

DRG Zerg 

Build Orders: Hatch First, Ravager All-In 

Get SALT Encoding   

  12  0:00  Drone  
  13  0:12  Overlord  
  13  0:17  Drone  
  14  0:30  Drone x2  
  16  0:48  Hatchery  
  15  0:51  Drone  
  15  0:55  Drone  
  17  0:58  Drone  
  18  1:09  Extractor  
  17  1:13  Spawning Pool  
  17  1:17  Drone  
  17  1:19  Drone  
  18  1:27  Drone  
  19  1:39  Drone  
  20  1:59  Queen  
  20  2:00  Queen  
  24  2:01  Roach Warren  
  24  2:02  Zergling x4  
  24  2:08  Extractor  
  24  2:10  Overlord  
  24  2:41  Roach x3  
  24  2:43  Roach x2  
  34  2:47  Overlord  
  34  2:53  Roach  
  36  3:05  Ravager x2  
  38  3:13  Overlord  
  38  3:26  Drone x4  
  38  3:33  Ravager x2  
  37  3:42  Drone x2  
  37  3:46  Ravager  
  40  3:59  Hatchery  
  39  4:04  Drone  
  39  4:06  Drone  
  41  4:12  Drone x2  
  41  4:16  Drone x2  
  45  4:35  Hatchery  
  45  4:38  Metabolic Boost  
  44  4:44  Drone x2  
  46  4:51  Overlord  
  46  5:00  Overlord  
  46  5:11  Drone x4  
  50  5:17  Evolution Chamber  
  50  5:20  Drone x3  
  52  5:22  Drone  
  52  5:27  Drone  
  54  5:31  Evolution Chamber  
  54  5:32  Drone  
  54  5:37  Drone  
  54  5:38  Queen  
  57  5:44  Zerg Ground Armor Level 1  
  57  5:49  Drone x4  
  61  5:56  Zerg Melee Weapons Level 1  
  61  5:58  Drone x3  
  61  6:02  Drone x2  
  66  6:05  Overlord  
  66  6:07  Overlord  
  66  6:11  Overlord  
  66  6:15  Overlord  
  66  6:22  Queen x2  
  70  6:25  Zergling x2  
  70  6:26  Zergling x4  
  70  6:29  Drone x2  
  70  6:32  Drone x3  
  78  6:35  Drone x2  
  80  6:52  Hatchery  
  79  6:56  Lair, Drone x3  
  79  6:59  Drone, Queen  
  85  7:01  Baneling Nest  
  85  7:07  Drone x9  
  92  7:12  Extractor  
  92  7:15  Spore Crawler  
  90  7:17  Zergling x10, Spore Crawler  
  94  7:26  Zergling x4  
  96  7:31  Drone  
  96  7:32  Overlord x2  
  96  7:33  Extractor, Overlord  
  96  7:39  Overlord  
  96  7:41  Overlord x2  
  96  7:42  Hatchery  
  96  7:43  Zergling x4  
  97  7:51  Drone x3  
  99  7:56  Zerg Melee Weapons Level 2, Zerg Ground Armor Level 2  
  99  7:57  Zergling x6  
  103  8:00  Zergling x2  
  103  8:05  Zergling x6  
  107  8:09  Zergling x12  
  113  8:17  Drone x6  
  119  8:20  Centrifugal Hooks  
  119  8:23  Zergling x4  
  119  8:24  Baneling x2  
  119  8:25  Baneling x2  
  119  8:26  Zergling x2  
  122  8:33  Zergling x6  
  124  8:37  Zergling x2  
  124  8:38  Baneling x6  
  124  8:42  Queen, Zergling x8  
  124  8:44  Baneling x3  
  123  8:49  Zergling x6  
  123  8:55  Zergling x8  
  115  9:00  Zergling x8  
  117  9:03  Baneling x2, Zergling x2  
  117  9:04  Zergling x12  
  117  9:06  Zergling x2  
  121  9:10  Infestation Pit  
  121  9:14  Zergling x12  
  121  9:16  Zergling x2  
  120  9:17  Queen  
  120  9:18  Queen  
  120  9:21  Baneling x6  
  120  9:22  Zergling x6  
  125  9:25  Zergling x2  
  125  9:29  Baneling x5  
  125  9:31  Zergling x8  
  126  9:38  Zergling x6  
  115  9:42  Zergling x2  
  115  9:43  Zergling x6  
  112  9:47  Zergling x6  
  112  9:48  Zergling x2  
  112  9:52  Zergling x6  
  112  9:58  Zergling x14  
  111  10:00  Zergling x2  
  108  10:09  Zergling x2  
  108  10:10  Zergling x14  
  108  10:11  Baneling x4  
  108  10:14  Hive  
  114  10:17  Zergling x8  
  118  10:22  Baneling x6  
  118  10:26  Zergling x10  
  120  10:31  Zergling x10  
  117  10:36  Zergling x2  
  117  10:37  Zergling x2  
  117  10:38  Zergling x2  
  117  10:39  Zergling x8  
  121  10:43  Baneling x2  
  121  10:49  Zergling x10  
  126  10:53  Hatchery  
  126  10:54  Zergling x8  
  129  10:59  Baneling x8  
  129  11:04  Zergling x10  
  133  11:15  Drone x4  
  133  11:16  Drone  
  138  11:23  Baneling  
  138  11:24  Baneling x9, Drone x5  
  143  11:26  Drone x3  
  143  11:32  Spore Crawler  
  145  11:33  Zergling x6  
  147  11:40  Zergling x4  
  147  11:43  Adrenal Glands  
  148  11:51  Zergling x10  
  148  11:59  Zergling x4  
  148  12:00  Baneling x4  
  149  12:06  Viper  
  149  12:07  Overlord  
  149  12:08  Overlord x4  
  152  12:09  Zergling x6  
  152  12:10  Overlord  
  152  12:12  Overlord  
  152  12:14  Extractor  
  152  12:15  Extractor  
  153  12:16  Overlord  
  153  12:17  Overlord  
  153  12:20  Baneling  
  153  12:21  Baneling x5  
  153  12:23  Drone x3  
  153  12:29  Zergling x18  
  157  12:36  Hatchery  
  127  12:37  Zergling x6  
  127  12:38  Zergling x12  
  127  12:42  Viper  
  127  12:43  Zergling x2  
  127  12:44  Zergling x2  
  136  12:46  Zergling x6  
  136  12:47  Baneling x3  
  136  12:48  Zergling x8  
  136  12:50  Zergling x4  
  145  12:54  Zergling x6  
  145  12:57  Baneling x6  
  148  12:59  Drone x5  
  148  13:04  Zergling x12  
  143  13:07  Zergling x2  
  143  13:08  Baneling x2  
  143  13:09  Baneling x6  
  143  13:10  Zergling x2  
  143  13:11  Zergling x2  
  140  13:17  Zergling x2  
  140  13:18  Zergling x6  
  135  13:20  Baneling x7  
  135  13:21  Zergling x4  
  135  13:24  Zergling x6  
  138  13:32  Zergling x20  
  138  13:33  Zergling x4  
  138  13:37  Baneling  
  138  13:38  Zergling x2  
  134  13:42  Baneling x5, Zergling x2  
  134  13:43  Queen x2, Zergling x8  
  137  13:52  Zergling x10  
  135  13:56  Zergling x4  
  135  13:58  Zergling x6  
  135  13:59  Overseer x2  
  140  14:05  Zergling x8  
  140  14:08  Zergling x4  
  140  14:12  Roach x3  
  140  14:16  Roach x2  
  142  14:17  Baneling x5  
  142  14:18  Baneling, Pneumatized Carapace  
  142  14:19  Zergling x2  
  143  14:24  Zergling x8  
  143  14:26  Baneling x3  
  144  14:36  Zergling x16  
  138  14:45  Ravager  
  138  14:46  Ravager x4  
  138  14:47  Zergling x6  
  132  14:54  Zergling x12  
  132  14:56  Zergling x16  
  143  15:05  Zergling x12  
  139  15:13  Zergling x20  
  148  15:14  Baneling x6  
  148  15:15  Baneling  
  148  15:21  Zergling x4  
  148  15:22  Zergling x6  
  148  15:26  Zergling x2  
  152  15:31  Zergling x6  
  152  15:32  Baneling  
  153  15:35  Zergling x6  
  153  15:37  Baneling x7  
  153  15:42  Zergling x6  
  152  15:43  Baneling x6  
  143  15:52  Zergling x2  
  143  15:53  Zergling x10  
  140  15:58  Zergling x2  
  140  15:59  Spore Crawler  
  127  16:04  Zergling x2  
  127  16:05  Zergling x12  
  127  16:08  Zerg Melee Weapons Level 3, Zergling x8  
  133  16:12  Zergling x10  
  133  16:16  Zergling x4  
  140  16:26  Zergling x12  
  140  16:28  Viper  
  140  16:30  Baneling  
  149  16:33  Zergling x2  
  149  16:36  Zergling x6  
  144  16:41  Hatchery, Zergling x4  
  144  16:45  Baneling  
  138  16:47  Zergling x10  
  134  16:55  Zergling x12  
  134  16:59  Zergling x4  
  123  17:05  Zergling x8  
  117  17:12  Viper x2  
  121  17:22  Zergling x14  
  125  17:24  Baneling x12  
  125  17:31  Baneling x4  
  125  17:35  Zergling x10  
  130  17:42  Overseer x3  
  130  17:44  Zergling x10  
  130  17:48  Baneling x2  
  130  17:49  Zergling x4  
  137  17:52  Zergling x2  
  137  17:58  Zergling x10  
  137  17:59  Baneling x4  
  137  18:00  Zergling x2  
  137  18:04  Zergling x6  
  133  18:17  Zergling x18  
  135  18:28  Baneling x6  
  135  18:29  Zergling x4  
  135  18:34  Zergling x8  
  138  18:38  Baneling x8  
  130  18:45  Zergling x14  
  130  18:46  Hatchery  
  123  18:57  Zergling x6  
  123  19:02  Zergling x10  
  124  19:09  Zergling x6  
  120  19:10  Zergling x6  
  120  19:16  Roach x3  
  113  19:19  Baneling x6  
  113  19:21  Zergling x6  
  113  19:26  Zergling x6  
  113  19:31  Overseer  
  116  19:32  Zergling x4  
  116  19:36  Ravager x3  
  116  19:37  Zergling x8  
  124  19:45  Zergling x2  
  124  19:46  Baneling x2  
  124  19:47  Baneling x5  
  124  19:52  Zergling x14  
  106  20:00  Zergling x10  
  101  20:07  Zergling x6  
  105  20:16  Overseer x2  
Show
View Real Time Build Order
Export as new Build Order

SpeCial Terran - Winner!

Build Orders:  

Get SALT Encoding   

  12  0:00  SCV  
  13  0:12  SCV  
  14  0:17  Supply Depot  
  14  0:24  SCV  
  15  0:40  Barracks  
  15  0:51  Barracks  
  15  0:53  SCV  
  16  1:09  Barracks  
  16  1:10  SCV  
  18  1:27  Marine  
  18  1:29  Orbital Command  
  18  1:38  Marine  
  19  1:43  Supply Depot  
  19  1:45  Marine  
  20  1:53  Bunker  
  20  1:55  SCV  
  20  1:56  Marine  
  20  1:59  Marine  
  23  2:08  SCV  
  24  2:10  Bunker  
  24  2:14  Marine  
  25  2:15  Marine  
  26  2:25  SCV  
  27  2:32  Marine x2  
  27  2:37  SCV  
  31  2:51  Supply Depot  
  30  2:55  SCV, Command Center  
  31  3:07  Bunker  
  31  3:12  Marine x2, SCV  
  34  3:24  SCV  
  32  3:36  SCV  
  32  3:37  Refinery x2  
  31  3:44  Bunker  
  29  3:48  SCV  
  29  3:52  Command Center  
  30  4:01  SCV  
  32  4:11  Orbital Command  
  32  4:13  SCV  
  32  4:25  SCV  
  32  4:30  Factory  
  33  4:37  SCV  
  34  4:38  SCV  
  35  4:46  Marine  
  35  4:49  SCV  
  35  4:50  SCV  
  38  4:58  Marine  
  36  5:01  SCV  
  36  5:03  SCV  
  36  5:05  Orbital Command  
  39  5:13  SCV  
  40  5:14  Barracks Tech Lab  
  40  5:15  SCV  
  40  5:16  Starport  
  40  5:17  Factory Tech Lab  
  40  5:19  Barracks, Barracks Reactor  
  40  5:25  SCV  
  40  5:27  SCV  
  42  5:31  SCV  
  42  5:32  Supply Depot  
  42  5:34  Marine  
  42  5:35  Stimpack  
  44  5:37  SCV  
  44  5:39  SCV  
  46  5:43  SCV  
  46  5:44  Factory Reactor  
  46  5:47  Orbital Command  
  46  5:48  Refinery  
  46  5:49  SCV, Refinery  
  48  5:51  SCV  
  48  5:54  Engineering Bay x2  
  48  5:55  Supply Depot  
  49  5:59  Marine x2  
  49  6:00  Marine, Supply Depot  
  49  6:01  Banshee  
  49  6:02  SCV  
  49  6:03  SCV  
  57  6:07  Barracks Reactor  
  57  6:14  SCV  
  57  6:15  SCV x2  
  57  6:17  Barracks  
  60  6:19  Barracks  
  60  6:20  Marine x2  
  60  6:23  Supply Depot  
  62  6:26  SCV  
  62  6:27  Terran Infantry Armor Level 1, Terran Infantry Weapons Level 1, SCV x2  
  62  6:29  Marine  
  66  6:38  Marine x2, SCV  
  66  6:39  SCV  
  71  6:40  SCV  
  71  6:46  Supply Depot  
  71  6:47  Marine, Supply Depot  
  71  6:50  Marine x2, SCV  
  71  6:51  SCV  
  71  6:52  Siege Tank  
  71  6:53  SCV  
  80  6:55  Marine  
  80  6:56  Marine, Medivac  
  84  7:01  Medivac  
  84  7:02  SCV  
  84  7:05  Marine  
  84  7:06  Barracks Reactor x2  
  84  7:07  Marine  
  84  7:08  SCV x2  
  91  7:13  Marine x3  
  94  7:17  Combat Shield, Supply Depot  
  94  7:19  SCV  
  94  7:20  SCV  
  94  7:21  SCV  
  97  7:24  Marine  
  97  7:25  Marine  
  99  7:31  Marine x3, SCV  
  99  7:32  SCV  
  99  7:35  Medivac x2  
  99  7:36  SCV  
  109  7:39  Refinery  
  109  7:40  Refinery  
  109  7:42  Marine  
  109  7:43  Marine x3  
  113  7:44  Marine  
  113  7:48  Siege Tank, Supply Depot  
  113  7:49  Marine  
  118  7:53  Armory  
  118  7:54  SCV x2  
  118  7:56  Marine x2  
  122  7:58  Marine  
  122  7:59  Marine  
  122  8:02  SCV  
  125  8:09  Supply Depot  
  125  8:10  Marine x4, SCV x2  
  125  8:12  Supply Depot  
  131  8:18  Marine x3  
  130  8:21  SCV  
  130  8:22  Marine  
  130  8:24  Marine  
  130  8:25  Factory  
  133  8:30  Marine x3, Siege Tank  
  139  8:36  Command Center  
  139  8:37  Supply Depot  
  139  8:38  Supply Depot  
  139  8:43  Marine  
  132  8:49  SCV  
  118  8:56  SCV  
  118  8:59  Marine  
  118  9:01  SCV  
  118  9:02  Marine x3, Siege Tank, SCV  
  120  9:08  Marine x4  
  126  9:10  Medivac x2  
  126  9:15  Marine  
  127  9:17  Marine  
  127  9:20  Marine x2  
  127  9:22  Terran Infantry Weapons Level 2, Terran Infantry Armor Level 2  
  127  9:24  Marine  
  125  9:26  Marine  
  125  9:28  SCV  
  124  9:35  Siege Tank, Marine  
  119  9:39  Marine x3  
  119  9:40  Marine x2  
  119  9:44  SCV  
  124  9:47  Marine  
  124  9:48  Marine x2  
  124  9:49  SCV x2  
  125  9:53  Marine  
  125  9:57  Marine x3  
  125  9:58  Marine  
  125  9:59  Marine  
  117  10:05  Marine x2  
  117  10:06  Marine  
  116  10:07  Siege Tank  
  116  10:11  Marine  
  116  10:12  Factory Reactor, SCV x2  
  117  10:15  Marine x4  
  117  10:17  Marine  
  117  10:18  SCV  
  123  10:23  Marine x2  
  123  10:24  Marine, SCV x2  
  124  10:29  Marine  
  124  10:32  Marine  
  116  10:41  SCV x3  
  116  10:42  Widow Mine  
  113  10:43  Planetary Fortress  
  113  10:45  Marine  
  113  10:46  Marine, Drilling Claws  
  115  10:50  Marine, Widow Mine x2  
  115  10:51  Marine x4  
  115  10:53  Marine, Sensor Tower, SCV x2  
  115  10:56  Marine  
  128  10:59  SCV  
  128  11:03  Marine  
  130  11:04  Barracks  
  130  11:05  SCV  
  130  11:06  Barracks  
  131  11:12  Barracks, Widow Mine x2  
  131  11:13  Siege Tank  
  131  11:14  Marine x2  
  131  11:15  Marine  
  141  11:19  Marine  
  141  11:20  Marine x3  
  141  11:24  Marauder  
  141  11:25  Marine  
  148  11:26  Sensor Tower  
  148  11:29  Medivac  
  148  11:30  Medivac  
  148  11:31  Marine  
  153  11:33  Marine, Widow Mine  
  153  11:35  Marine  
  149  11:43  Marine x4  
  149  11:44  Marine  
  149  11:45  Marauder  
  154  11:58  Marine  
  154  11:59  Marine x3, Barracks Tech Lab  
  154  12:00  Barracks Tech Lab  
  156  12:01  Terran Infantry Weapons Level 3, Terran Infantry Armor Level 3  
  156  12:03  Widow Mine x2  
  156  12:04  Widow Mine  
  156  12:06  Marauder  
  156  12:07  SCV x3  
  167  12:09  Supply Depot  
  167  12:10  Supply Depot  
  167  12:12  Marine  
  168  12:18  Supply Depot x2  
  168  12:20  Command Center  
  168  12:23  Marine  
  168  12:24  Marauder  
  168  12:25  Widow Mine x2  
  168  12:26  Marine  
  168  12:27  Marauder  
  168  12:28  Marauder  
  179  12:33  Marine  
  151  12:42  Marine x3  
  151  12:43  Marine x4, Widow Mine  
  142  12:45  Marauder  
  142  12:46  Widow Mine  
  142  12:48  Marine, Marauder  
  142  12:49  Marauder  
  151  12:54  Marine  
  151  12:55  Widow Mine  
  154  12:59  Marine  
  154  13:04  Widow Mine  
  149  13:05  Marine  
  149  13:06  Marauder  
  149  13:08  Marine x2  
  149  13:10  Marauder, Liberator x2  
  149  13:11  Marine, Marauder  
  163  13:17  Marine  
  163  13:18  Marine  
  163  13:19  Marine x3  
  165  13:23  Marine  
  165  13:25  Cyclone  
  165  13:26  Marine, Widow Mine  
  168  13:28  Marauder  
  168  13:29  Marine  
  168  13:31  Marauder  
  168  13:32  Marauder  
  168  13:34  Widow Mine  
  158  13:36  Marine  
  158  13:41  SCV x3  
  153  13:44  Marine  
  153  13:47  Widow Mine  
  155  13:49  Marine, Marauder  
  155  13:52  Marine, Marauder  
  155  13:53  Medivac, Marauder  
  155  13:54  Medivac  
  155  13:55  Widow Mine  
  148  13:57  Widow Mine  
  148  13:58  Marine x2  
  148  13:59  Marine x2  
  148  14:00  Barracks Tech Lab  
  148  14:01  Marine  
  155  14:08  Widow Mine  
  150  14:11  Marauder  
  150  14:13  Planetary Fortress  
  150  14:14  Marauder  
  150  14:15  Marauder  
  150  14:16  Widow Mine  
  154  14:19  Marine x2, Marauder  
  154  14:21  Marine  
  154  14:23  Widow Mine  
  161  14:24  Marine  
  161  14:26  Medivac  
  161  14:29  Marine  
  161  14:30  Widow Mine  
  165  14:32  Marauder  
  165  14:33  Marine  
  165  14:35  Marauder  
  165  14:36  Marauder  
  165  14:37  Marine  
  161  14:39  Marine x4  
  161  14:41  Widow Mine, Marauder  
  161  14:42  Marine  
  161  14:44  Widow Mine  
  172  14:47  Marine  
  172  14:51  Marine  
  159  14:53  Marauder  
  159  14:55  Marine, Medivac  
  159  14:56  Medivac  
  159  14:57  Marine, Marauder  
  159  14:58  Marauder  
  167  15:01  Widow Mine  
  167  15:02  Marauder  
  167  15:06  Marine x2  
  167  15:08  Widow Mine  
  167  15:11  SCV  
  165  15:15  Marine x4, Marauder  
  165  15:16  Marine x2  
  165  15:18  Marauder, Widow Mine  
  165  15:19  Marauder  
  179  15:22  Orbital Command, Widow Mine  
  179  15:23  Marine  
  179  15:24  Marine, Marauder  
  185  15:29  Widow Mine  
  182  15:36  Marine x2, Marauder  
  182  15:39  Marauder, Widow Mine  
  182  15:40  Marauder  
  182  15:42  Marine  
  184  15:45  Marauder  
  184  15:47  Marine  
  184  15:48  Widow Mine  
  183  15:50  Marine  
  183  15:51  Marine  
  183  15:52  Widow Mine  
  183  15:56  Medivac x2  
  182  15:58  Marine, Marauder  
  182  16:00  Widow Mine  
  182  16:01  Marauder  
  182  16:02  Marauder  
  189  16:05  Marine  
  189  16:06  Marauder  
  189  16:07  Marine  
  189  16:09  Marine, Widow Mine  
  189  16:10  SCV x2  
  189  16:11  SCV  
  174  16:12  SCV  
  174  16:13  Marine x2, Widow Mine  
  179  16:18  Marine  
  179  16:19  Marauder  
  179  16:22  Marauder, SCV, Widow Mine  
  179  16:23  Marauder  
  189  16:25  Marine x2  
  189  16:26  Marine x3  
  189  16:28  Marauder  
  189  16:31  Marine x2  
  198  16:36  Marine  
  191  16:40  Marauder  
  191  16:42  Concussive Shells  
  191  16:43  Marine x3, Marauder  
  191  16:44  Marauder  
  194  16:47  Marine  
  194  16:49  Marine, Marauder  
  194  16:50  Widow Mine  
  177  16:54  Marine  
  177  17:00  Widow Mine  
  155  17:02  Marauder  
  155  17:03  Marine, Orbital Command  
  155  17:04  Medivac x2  
  155  17:05  Marauder  
  155  17:06  Marauder  
  158  17:09  Marine  
  158  17:11  Marauder  
  158  17:13  Marine x2  
  158  17:15  SCV  
  163  17:17  Marine  
  163  17:18  Widow Mine x2  
  163  17:19  Marine  
  166  17:23  Marauder, Widow Mine  
  166  17:26  Marauder  
  166  17:27  Marine x2, Marauder  
  166  17:29  Orbital Command  
  176  17:30  Marine  
  176  17:32  Marauder  
  176  17:33  Marine x2  
  176  17:34  Marine, Medivac x2  
  176  17:35  Marine  
  187  17:37  Marine  
  187  17:40  Widow Mine  
  190  17:44  Marauder  
  190  17:45  Marine  
  190  17:48  Marauder  
  190  17:49  Marauder  
  190  17:50  Marine  
  190  17:51  Marine  
  199  17:52  Marine  
  199  17:56  Marine  
  199  17:57  Marauder  
  192  18:06  Marauder  
  192  18:09  Marauder  
  192  18:10  Marauder  
  186  18:17  Widow Mine x2  
  186  18:19  Marine, Marauder, Command Center, Missile Turret  
  178  18:21  Marine  
  178  18:24  Marine x2  
  178  18:26  Widow Mine  
  183  18:27  Marine, Marauder  
  183  18:28  Marine x3  
  183  18:30  Marauder  
  183  18:31  Marauder  
  191  18:37  Marine  
  191  18:38  Widow Mine  
  191  18:39  Marine  
  191  18:41  Marine, Marauder  
  189  18:42  Marine  
  189  18:46  Medivac x2, Widow Mine  
  189  18:47  Marine, Widow Mine  
  184  18:49  Marauder  
  184  18:52  Marine, Marauder  
  184  18:53  Marine x2, Marauder  
  184  18:55  Marine  
  179  18:58  Marine  
  179  19:02  Marine x2, Marauder, Widow Mine  
  176  19:08  Marine  
  173  19:10  Marine, Marauder  
  173  19:11  Marine  
  173  19:13  Marauder  
  173  19:14  Marauder  
  173  19:16  Marine x2, Medivac x2  
  169  19:18  SCV x2  
  169  19:19  Widow Mine x2  
  169  19:22  Marine x3  
  169  19:24  Marauder  
  180  19:26  Marine  
  180  19:28  Marine  
  182  19:31  Marauder  
  182  19:32  Marine  
  182  19:34  Marine  
  182  19:35  Marauder  
  182  19:36  Marauder  
  182  19:37  Marine  
  191  19:40  Marine x2  
  191  19:45  Marauder  
  176  19:53  Marauder, Widow Mine  
  176  19:54  Marine  
  176  19:55  Medivac x2  
  176  19:56  Bunker, Marauder  
  176  19:57  Bunker, Marauder  
  186  20:02  Marine  
  186  20:04  Marine  
  186  20:06  Marauder, Widow Mine x2  
  178  20:08  Marine  
  178  20:09  Marine x2  
  178  20:10  Marine  

Tags
 
Add a new tag
Caveats
  • Supply blocks, unpowered buildings, or Contaminate may cause inaccurate times.
  • Supply counts are checked every 10 seconds.